[Event "GER-ch Youth U14 2019"]
[Site "Willingen"]
[Date "2019.06.14"]
[Round "8.10"]
[White "Haack, Kevin"]
[Black "Schubert, Nikita"]
[Result "1/2-1/2"]
[ECO "A18"]
[WhiteElo "2033"]
[BlackElo "1806"]
[Annotator "NA"]
[PlyCount "84"]
[EventDate "2019.06.07"]
[EventType "swiss"]
[EventRounds "9"]
[EventCountry "GER"]
[SourceTitle "playchess.com"]
[Source "ChessBase"]
[SourceQuality "1"]
[TimeControl "40/5400+30:1800+30"]

1. c4 Nf6 2. Nc3 e6 3. e4 d5 4. cxd5 exd5 5. e5 Ne4 6. Nf3 Bf5 7. d3 Nxc3 8. bxc3 c5 9. d4 Nc6 10. Bd3 Bxd3 11. Qxd3 cxd4 12. cxd4 Bb4+ 13. Bd2 O-O 14. O-O Be7 15. Rab1 Qd7 16. Bc3 Rab8 17. a4 Bd8 18. Nd2 a6 19. Nb3 Be7 20. a5 Rfc8 21. Qd2 Qd8 22. Kh1 b6 23. axb6 Qxb6 24. f4 Bb4 25. Bxb4 Qxb4 26. Qd3 Qb5 27. Qe3 Na5 28. Nd2 Nc4 29. Qd3 Qc6 30. Nxc4 Qxc4 31. Qxc4 dxc4 32. Rxb8 Rxb8 33. Rc1 Rc8 34. Kg1 Kf8 35. Kf2 Ke7 36. d5 Rc5 37. d6+ Ke6 38. Rd1 Rc8 39. Ke3 f6 40. d7 Rd8 41. Rd6+ Ke7 42. Rxa6 fxe5 {[%emt 0:05:02] normal} 1/2-1/2

[Event "GER-ch Youth U14 2019"]
[Site "Willingen"]
[Date "2019.06.14"]
[Round "8.11"]
[White "Simukov, Erik"]
[Black "Kosev, Momchil"]
[Result "0-1"]
[ECO "B92"]
[WhiteElo "1904"]
[BlackElo "1827"]
[Annotator "NA"]
[PlyCount "50"]
[EventDate "2019.06.07"]
[EventType "swiss"]
[EventRounds "9"]
[EventCountry "GER"]
[SourceTitle "playchess.com"]
[Source "ChessBase"]
[SourceQuality "1"]
[TimeControl "40/5400+30:1800+30"]

1. e4 c5 2. Nf3 d6 3. d4 cxd4 4. Nxd4 Nf6 5. Nc3 a6 6. Be2 e5 7. Nb3 Be7 8. O-O O-O 9. Kh1 b5 10. a4 Bb7 11. Nd5 Bxd5 12. exd5 b4 13. a5 Qc7 14. Be3 Rc8 15. Rc1 Qb7 16. c4 bxc3 17. bxc3 Qxd5 18. Qxd5 Nxd5 19. Bf3 Nxe3 20. Bxa8 Nxf1 21. Kg1 Nd7 22. Bf3 Rb8 23. Bd1 Bg5 24. Rb1 Nd2 25. Nxd2 Bxd2 {[%emt 0:00:03] normal} 0-1

[Event "GER-ch Youth U14 2019"]
[Site "Willingen"]
[Date "2019.06.14"]
[Round "8.12"]
[White "Weidenhoefer, Max"]
[Black "Tham, Nam"]
[Result "1-0"]
[ECO "C54"]
[WhiteElo "1787"]
[BlackElo "1993"]
[Annotator "NA"]
[PlyCount "89"]
[EventDate "2019.06.07"]
[EventType "swiss"]
[EventRounds "9"]
[EventCountry "GER"]
[SourceTitle "playchess.com"]
[Source "ChessBase"]
[SourceQuality "1"]
[TimeControl "40/5400+30:1800+30"]

1. e4 e5 2. Nf3 Nc6 3. Bc4 Bc5 4. c3 Nf6 5. d3 d6 6. Bb3 a6 7. Nbd2 Ba7 8. O-O O-O 9. Re1 Ng4 10. Re2 h6 11. Nf1 Be6 12. Bxe6 fxe6 13. Ne3 Nf6 14. Nf1 d5 15. exd5 exd5 16. Nxe5 Nxe5 17. Rxe5 Bxf2+ 18. Kh1 d4 19. Rf5 Nd5 20. Qf3 Rxf5 21. Qxf5 Bh4 22. c4 Ne7 23. Qe6+ Kh8 24. Bxh6 Qf8 25. Qe4 Qf6 26. Bf4 Rf8 27. g3 Bg5 28. Bxg5 Qxg5 29. Kg2 Nf5 30. Re1 c5 31. Re2 Qf6 32. Kg1 Nd6 33. Qg2 b5 34. b3 Nf7 35. Rf2 Qe7 36. Qf3 Kg8 37. Qc6 Ne5 38. Rxf8+ Kxf8 39. Qe4 Kg8 40. Kg2 g5 41. Nd2 g4 42. Kf2 Qg5 43. Ke2 Kg7 44. Kd1 Qh5 45. Qb7+ {[%emt 0:04:23] normal} 1-0

[Event "GER-ch Youth U14 2019"]
[Site "Willingen"]
[Date "2019.06.14"]
[Round "8.13"]
[White "Sinnhoefer, Joshua"]
[Black "Matthaei, Jakob"]
[Result "1/2-1/2"]
[ECO "C34"]
[WhiteElo "1466"]
[BlackElo "1666"]
[Annotator "NA"]
[PlyCount "37"]
[EventDate "2019.06.07"]
[EventType "swiss"]
[EventRounds "9"]
[EventCountry "GER"]
[SourceTitle "playchess.com"]
[Source "ChessBase"]
[SourceQuality "1"]
[TimeControl "40/5400+30:1800+30"]

1. e4 e5 2. f4 exf4 3. Nf3 Ne7 4. d4 d5 5. Nc3 dxe4 6. Nxe4 Nd5 7. Bd3 Be7 8. O-O O-O 9. a3 Ne3 10. Bxe3 fxe3 11. Qe2 f5 12. Bc4+ Kh8 13. Nc3 f4 14. Ne5 Qe8 15. Nd5 Bd6 16. Nxf4 Nc6 17. Qxe3 Bf5 18. Nfd3 {[%emt 0:05:05] normal} Nxe5 19. Nxe5 {[%emt 0:03:20] normal} 1/2-1/2

[Event "GER-ch Youth U14 2019"]
[Site "Willingen"]
[Date "2019.06.14"]
[Round "8.14"]
[White "Schulemann, Gero"]
[Black "Bress, Aaron"]
[Result "1-0"]
[ECO "B13"]
[WhiteElo "1862"]
[BlackElo "1849"]
[Annotator "NA"]
[PlyCount "76"]
[EventDate "2019.06.07"]
[EventType "swiss"]
[EventRounds "9"]
[EventCountry "GER"]
[SourceTitle "playchess.com"]
[Source "ChessBase"]
[SourceQuality "1"]
[TimeControl "40/5400+30:1800+30"]

1. e4 c6 2. d4 d5 3. exd5 cxd5 4. c4 Nf6 5. Nc3 Nc6 6. c5 g6 7. Nf3 Bg7 8. h3 O-O 9. Be2 b6 10. Bb5 Bb7 11. Bxc6 Bxc6 12. b4 bxc5 13. bxc5 Ne4 14. Ne2 e5 15. O-O Qa5 16. Be3 Ba4 17. Qd3 Bb5 18. Qc2 Ba4 19. Qb2 exd4 20. Bxd4 Bxd4 21. Qxd4 Nxc5 22. Qxd5 Rad8 23. Qg5 Nb7 24. Qh6 f6 25. Nf4 Bc2 26. Ne6 Rf7 27. Nxd8 Qxd8 28. Rfe1 Nd6 29. Nd4 Be4 30. Rac1 Nf5 31. Nxf5 Bxf5 32. Rcd1 Qc8 33. Qe3 Kg7 34. Qa3 Qc2 35. Rc1 Qd2 36. Qc5 Qxa2 37. Ra1 Qd2 38. Re7 Qd3 {[%emt 0:00:40] normal} 1-0

[Event "GER-ch Youth U14 2019"]
[Site "Willingen"]
[Date "2019.06.14"]
[Round "8.15"]
[White "Haufe, Laurin"]
[Black "Roste, Hugo"]
[Result "1-0"]
[ECO "B49"]
[WhiteElo "1995"]
[BlackElo "1287"]
[Annotator "NA"]
[PlyCount "113"]
[EventDate "2019.06.07"]
[EventType "swiss"]
[EventRounds "9"]
[EventCountry "GER"]
[SourceTitle "playchess.com"]
[Source "ChessBase"]
[SourceQuality "1"]
[TimeControl "40/5400+30:1800+30"]

1. e4 c5 2. Nf3 Nc6 3. Nc3 e6 4. d4 cxd4 5. Nxd4 a6 6. Be3 Qc7 7. Be2 Nf6 8. a3 Be7 9. O-O O-O 10. f4 d6 11. Kh1 b5 12. Bf3 Bb7 13. Nxc6 Bxc6 14. Qe2 Qb7 15. Bg1 Rfd8 16. Rfe1 d5 17. e5 Nd7 18. Na2 Nb6 19. c3 a5 20. Nc1 Nc4 21. Nb3 h6 22. Nc5 Qc7 23. b4 a4 24. Red1 Nb6 25. Bd4 Nd7 26. Nxd7 Bxd7 27. Qf2 Rdc8 28. Be2 Qc6 29. Bd3 Bd8 30. Rac1 Ra6 31. Qe3 Bb6 32. Rc2 Qb7 33. Rdc1 Bxd4 34. cxd4 Rac6 35. Rc5 Rxc5 36. Rxc5 Rxc5 37. dxc5 Bc6 38. Kg1 Qe7 39. g3 Qd7 40. Qd4 Kf8 41. Kf2 Kg8 42. Ke1 Kf8 43. Kd2 Kg8 44. Kc3 Kf8 45. Qe3 Kg8 46. Kd4 Qe7 47. Qe2 Qe8 48. Qg4 Qe7 49. Qe2 Qe8 50. h4 g6 51. Qg4 Kg7 52. h5 Bd7 53. Qh4 Bc6 54. Qf6+ Kh7 55. g4 Bd7 {[%emt 0:00:00] normal} 56. f5 exf5 57. hxg6+ {[%emt 0:00:00] normal} 1-0

[Event "GER-ch Youth U14 2019"]
[Site "Willingen"]
[Date "2019.06.14"]
[Round "8.16"]
[White "Elsner, Robert"]
[Black "Schauties, Nico Antonio"]
[Result "0-1"]
[ECO "B90"]
[WhiteElo "1745"]
[BlackElo "1866"]
[Annotator "NA"]
[PlyCount "49"]
[EventDate "2019.06.07"]
[EventType "swiss"]
[EventRounds "9"]
[EventCountry "GER"]
[SourceTitle "playchess.com"]
[Source "ChessBase"]
[SourceQuality "1"]
[TimeControl "40/5400+30:1800+30"]

1. Nf3 c5 2. e4 d6 3. d4 cxd4 4. Nxd4 Nf6 5. Nc3 a6 6. Be3 e6 7. f3 b5 8. Qd2 Bb7 9. g4 h6 10. Be2 Nbd7 11. O-O-O b4 12. Nb1 d5 13. exd5 Nxd5 14. Rhe1 Nxe3 15. Qxe3 Bc5 16. Bc4 Qb6 17. Qf4 O-O-O 18. Nb3 Bf2 19. Re2 Nf6 20. Rdd2 Bh4 21. Bxe6+ fxe6 22. Qc4+ Kb8 23. Nd4 Bg5 24. c3 Bd5 25. Qd3 {[%emt 0:00:40] normal} 0-1

[Event "GER-ch Youth U14 2019"]
[Site "Willingen"]
[Date "2019.06.14"]
[Round "8.17"]
[White "Seng, Alexander"]
[Black "Evering, Soeren"]
[Result "0-1"]
[ECO "A46"]
[WhiteElo "1505"]
[BlackElo "1879"]
[Annotator "NA"]
[PlyCount "89"]
[EventDate "2019.06.07"]
[EventType "swiss"]
[EventRounds "9"]
[EventCountry "GER"]
[SourceTitle "playchess.com"]
[Source "ChessBase"]
[SourceQuality "1"]
[TimeControl "40/5400+30:1800+30"]

1. d4 Nf6 2. Nf3 d5 3. c4 e6 4. Bf4 Bb4+ 5. Bd2 Bxd2+ 6. Qxd2 O-O 7. Nc3 b6 8. cxd5 exd5 9. e3 Bb7 10. Be2 Nbd7 11. b4 Qe7 12. Rb1 Ne4 13. Qc2 a5 14. b5 Rac8 15. Qb3 c5 16. O-O Ndf6 17. Nxe4 Nxe4 18. Qa3 Rc7 19. Bd3 Qf6 20. Rfc1 Rfc8 21. Qb2 c4 22. Be2 Qd6 23. a4 Re8 24. Qa2 Bc8 25. Nd2 Bf5 26. Nf3 Qf6 27. Rb2 Rec8 28. Qa3 h6 29. Rbc2 Nd6 30. Rc3 Ne4 31. R3c2 g5 32. Nd2 Nxf2 33. Rc3 Ne4 34. Nxe4 Bxe4 35. Rf1 Qe6 36. h3 Re8 37. Bf3 Bd3 38. Re1 Rce7 39. Qc1 Qd6 40. Kf2 Kg7 41. Qb2 Be4 42. Bxe4 Rxe4 43. g3 h5 {[%emt 0:03:42] normal} 44. Kg2 h4 45. Qf2 {[%emt 0:02:10] normal} 0-1

[Event "GER-ch Youth U14 2019"]
[Site "Willingen"]
[Date "2019.06.14"]
[Round "8.18"]
[White "Wang, Xinyuan"]
[Black "Divry, Alexandre"]
[Result "1-0"]
[ECO "D04"]
[WhiteElo "2060"]
[BlackElo "1654"]
[Annotator "NA"]
[PlyCount "81"]
[EventDate "2019.06.07"]
[EventType "swiss"]
[EventRounds "9"]
[EventCountry "GER"]
[SourceTitle "playchess.com"]
[Source "ChessBase"]
[SourceQuality "1"]
[TimeControl "40/5400+30:1800+30"]

1. d4 d5 2. Nf3 Nf6 3. e3 c5 4. b3 cxd4 5. Nxd4 Nc6 6. Bb5 Qc7 7. c4 e5 8. Nf3 Bb4+ 9. Bd2 Bxd2+ 10. Nbxd2 O-O 11. Bxc6 bxc6 12. O-O e4 13. Nd4 Ng4 14. g3 Ne5 15. cxd5 cxd5 16. Rc1 Qd7 17. f4 Nd3 18. Rb1 Qh3 19. Qe2 Bg4 20. Qg2 Qh5 21. h4 Rac8 22. b4 a6 23. a4 Rb8 24. b5 axb5 25. Rxb5 Rxb5 26. axb5 Bd1 27. N2b3 Qg4 28. Na5 Ba4 29. Ra1 Nc5 30. f5 Rb8 31. Nac6 Re8 32. Nb4 Bb3 33. Na6 Nxa6 34. bxa6 Bc4 35. a7 Ra8 36. Rb1 Re8 37. Nc6 Kf8 38. Nb8 Bd3 39. Rc1 Qxf5 40. a8=Q Qe5 41. Nd7+ {normal} 1-0

[Event "GER-ch Youth U14 2019"]
[Site "Willingen"]
[Date "2019.06.14"]
[Round "8.19"]
[White "May, Ben-Iven"]
[Black "Kolmykov, Egor"]
[Result "1-0"]
[ECO "B28"]
[WhiteElo "1692"]
[BlackElo "1642"]
[Annotator "NA"]
[PlyCount "75"]
[EventDate "2019.06.07"]
[EventType "swiss"]
[EventRounds "9"]
[EventCountry "GER"]
[SourceTitle "playchess.com"]
[Source "ChessBase"]
[SourceQuality "1"]
[TimeControl "40/5400+30:1800+30"]

1. e4 c5 2. Nf3 a6 3. c4 Nc6 4. d4 cxd4 5. Nxd4 e5 6. Nf5 d6 7. Nc3 g6 8. Ne3 Bg7 9. Be2 Nf6 10. O-O O-O 11. Ned5 Nxd5 12. Nxd5 f5 13. f3 f4 14. b3 Be6 15. Ba3 Nd4 16. Qd2 Bxd5 17. cxd5 h5 18. Rac1 h4 19. h3 Qb6 20. Kh1 Rac8 21. Rc4 Nb5 22. Bb4 Nd4 23. Ba5 Qa7 24. Rfc1 Rxc4 25. Rxc4 b6 26. Bb4 Rd8 27. Bd3 a5 28. Ba3 b5 29. Rc1 b4 30. Bb2 g5 31. Rc4 Rd7 32. Qc1 Kf7 33. Bxd4 exd4 34. Rc8 Qb7 35. Qc6 Qxc6 36. dxc6 Ra7 37. c7 {[%emt 0:00:52] normal} Be5 38. Rf8+ {[%emt 0:00:37] normal} 1-0

[Event "GER-ch Youth U14 2019"]
[Site "Willingen"]
[Date "2019.06.14"]
[Round "8.20"]
[White "Gutewort, Paul Emil"]
[Black "Wellssow, Keoki"]
[Result "0-1"]
[ECO "A42"]
[WhiteElo "1708"]
[BlackElo "1509"]
[Annotator "NA"]
[PlyCount "51"]
[EventDate "2019.06.07"]
[EventType "swiss"]
[EventRounds "9"]
[EventCountry "GER"]
[SourceTitle "playchess.com"]
[Source "ChessBase"]
[SourceQuality "1"]
[TimeControl "40/5400+30:1800+30"]

1. d4 g6 2. e4 Bg7 3. c4 d6 4. Nc3 Nc6 5. Nf3 Bg4 6. Be3 e5 7. d5 Nd4 8. Be2 Nxe2 9. Qxe2 f5 10. h3 Bxf3 11. Qxf3 f4 12. Bd2 Nf6 13. Qe2 Qe7 14. b4 a6 15. f3 O-O 16. O-O Nh5 17. Be1 Bf6 18. Qd2 Ng3 19. Bxg3 fxg3 20. Ne2 Bg5 21. Qc3 Bf4 22. Nxf4 exf4 23. Rac1 b6 24. c5 Rac8 25. Qd4 Rb8 26. Rc2 {[%emt 0:00:50] normal} 0-1

[Event "GER-ch Youth U14 2019"]
[Site "Willingen"]
[Date "2019.06.14"]
[Round "8.21"]
[White "Rockmann, Enno"]
[Black "Wildermuth, Nikolas Karl"]
[Result "1-0"]
[ECO "E77"]
[WhiteElo "1527"]
[BlackElo "1748"]
[Annotator "NA"]
[PlyCount "57"]
[EventDate "2019.06.07"]
[EventType "swiss"]
[EventRounds "9"]
[EventCountry "GER"]
[SourceTitle "playchess.com"]
[Source "ChessBase"]
[SourceQuality "1"]
[TimeControl "40/5400+30:1800+30"]

1. e4 d6 2. d4 g6 3. c4 Nf6 4. Nc3 Bg7 5. f4 O-O 6. Nf3 c5 7. d5 b5 8. cxb5 Qa5 9. Bd2 a6 10. bxa6 Bxa6 11. Na4 Qc7 12. Bxa6 Rxa6 13. Nc3 Nbd7 14. O-O Rb8 15. Qc2 Qa7 16. Kh1 c4 17. Rae1 Qb7 18. Bc1 Nc5 19. Re2 Qa7 20. Nd2 Nd3 21. Nxc4 Nb4 22. Be3 Qc7 23. Qb3 Nxa2 24. Nb5 Qb7 25. Nca3 Rxa3 26. bxa3 Nc3 27. Qxc3 Qxb5 28. Qc2 Nxe4 29. Ba7 {[%emt 0:00:26] normal} 1-0

[Event "GER-ch Youth U14 2019"]
[Site "Willingen"]
[Date "2019.06.14"]
[Round "8.22"]
[White "Bornholdt, Joa Max"]
[Black "Straub, Benno"]
[Result "1-0"]
[ECO "A06"]
[WhiteElo "1754"]
[BlackElo "1490"]
[Annotator "NA"]
[PlyCount "53"]
[EventDate "2019.06.07"]
[EventType "swiss"]
[EventRounds "9"]
[EventCountry "GER"]
[SourceTitle "playchess.com"]
[Source "ChessBase"]
[SourceQuality "1"]
[TimeControl "40/5400+30:1800+30"]

1. Nf3 d5 2. c4 e6 3. d4 Nf6 4. cxd5 exd5 5. Bg5 Be7 6. e3 h6 7. Bh4 O-O 8. Nc3 c6 9. Qc2 Be6 10. Bd3 Nbd7 11. O-O Rc8 12. Rfd1 Bg4 13. Be2 Nh7 14. Bg3 Ndf6 15. Rab1 Bxf3 16. Bxf3 Ng5 17. Be2 Nfe4 18. Be5 Qd7 19. f3 Nf6 20. Bd3 Rfe8 21. b4 b5 22. Ne2 Nh5 23. Bf5 Ne6 24. g4 Nf6 25. Nf4 g5 26. Bxe6 fxe6 27. Qg6+ {[%emt 0:00:26] normal} 1-0

[Event "GER-ch Youth U14 2019"]
[Site "Willingen"]
[Date "2019.06.15"]
[Round "9.2"]
[White "Lutz, Ruben"]
[Black "Bethke, Richard"]
[Result "0-1"]
[ECO "A46"]
[WhiteElo "2055"]
[BlackElo "2246"]
[Annotator "ChessBase"]
[PlyCount "108"]
[EventDate "2019.06.07"]
[EventType "swiss"]
[EventRounds "9"]
[EventCountry "GER"]
[SourceTitle "playchess.com"]
[Source "ChessBase"]
[SourceQuality "1"]
[TimeControl "40/5400+30:1800+30"]

1. d4 Nf6 2. Nf3 d5 3. c4 e6 4. cxd5 exd5 5. Nc3 c6 6. Bg5 Bf5 7. Qb3 Qb6 8. Qxb6 axb6 9. Bxf6 gxf6 10. e3 b5 11. Kd2 Nd7 12. Bd3 Bg6 13. Nh4 Nb6 14. Nf5 Nc4+ 15. Kc2 b4 16. Ne2 b6 17. Neg3 h5 18. h4 Bd6 19. b3 Bxg3 20. Nxg3 Nd6 21. Rhc1 Kd7 22. Bxg6 fxg6 23. Kb2 Ra3 24. Rc2 Rha8 25. Rcc1 R3a5 26. Rd1 Ke6 27. Rd2 c5 28. dxc5 bxc5 29. Ne2 g5 30. hxg5 fxg5 31. Rc2 h4 32. a4 bxa3+ 33. Ka2 Rf8 34. Rf1 Nf5 35. Rfc1 Kd6 36. b4 cxb4 37. Rc6+ Ke5 38. Rb6 Nxe3 39. Rcc6 Nc4 40. Re6+ Kf5 41. f3 b3+ 42. Kxb3 g4 43. Nd4+ Kg5 44. Rg6+ Kf4 45. Rbe6 gxf3 46. gxf3 Nd2+ 47. Kb4 Nxf3 48. Kxa5 Nxd4 49. Ra6 Rb8 50. Rgb6 a2 51. Rxb8 a1=Q+ 52. Kb6 Qc3 53. Rf8+ Ke3 54. Re8+ Kd3 {[%emt 0:00:05] normal} 0-1

[Event "GER-ch Youth U14 2019"]
[Site "Willingen"]
[Date "2019.06.15"]
[Round "9.3"]
[White "Weihrauch, Jakob"]
[Black "Pubantz, Jan"]
[Result "1/2-1/2"]
[ECO "B91"]
[WhiteElo "2158"]
[BlackElo "2192"]
[Annotator "ChessBase"]
[PlyCount "60"]
[EventDate "2019.06.07"]
[EventType "swiss"]
[EventRounds "9"]
[EventCountry "GER"]
[SourceTitle "playchess.com"]
[Source "ChessBase"]
[SourceQuality "1"]
[TimeControl "40/5400+30:1800+30"]

1. e4 c5 2. Nf3 d6 3. d4 cxd4 4. Nxd4 Nf6 5. Nc3 a6 6. g3 e5 7. Nde2 Be7 8. Bg2 b5 9. Nd5 Nbd7 10. Nec3 Nb6 11. Nxb6 Qxb6 12. Nd5 Nxd5 13. Qxd5 Qb7 14. Qxb7 Bxb7 15. O-O Rc8 16. c3 O-O 17. Bd2 Rfd8 18. a4 d5 19. axb5 axb5 20. exd5 Bxd5 21. Be3 Bb3 22. Ra5 Bc4 23. Re1 Bc5 24. Bxc5 Rxc5 25. Bf1 Bxf1 26. Kxf1 f6 27. Ra7 h5 28. h4 Rd3 29. Rb7 Rd2 30. Re2 Rd6 {[%emt 0:01:08] normal} 1/2-1/2

[Event "GER-ch Youth U14 2019"]
[Site "Willingen"]
[Date "2019.06.15"]
[Round "9.4"]
[White "Bui, Bao Anh Le"]
[Black "Colbow, Collin"]
[Result "1/2-1/2"]
[ECO "B90"]
[WhiteElo "2065"]
[BlackElo "2169"]
[Annotator "ChessBase"]
[PlyCount "115"]
[EventDate "2019.06.07"]
[EventType "swiss"]
[EventRounds "9"]
[EventCountry "GER"]
[SourceTitle "playchess.com"]
[Source "ChessBase"]
[SourceQuality "1"]
[TimeControl "40/5400+30:1800+30"]

1. e4 c5 2. Nf3 d6 3. d4 cxd4 4. Nxd4 Nf6 5. Nc3 a6 6. Be3 e5 7. Nb3 Be6 8. f3 Be7 9. Qd2 O-O 10. O-O-O Nbd7 11. g4 b5 12. Rg1 Nb6 13. Na5 Rc8 14. g5 Nh5 15. Nd5 Nxd5 16. exd5 Bxd5 17. Qxd5 Qxa5 18. Rg4 g6 19. h4 Kh8 20. f4 Qa4 21. Bd3 f5 22. fxe5 fxg4 23. exd6 Bxd6 24. Qxd6 Qxa2 25. Bd4+ Ng7 26. c4 Rxc4+ 27. Bxc4 Qxc4+ 28. Kb1 Kg8 29. Bc3 Qe4+ 30. Ka1 Nf5 31. Qd7 Qa4+ 32. Kb1 Qe4+ 33. Ka1 g3 34. Re1 Qa4+ 35. Kb1 Qc4 36. Qb7 a5 37. Re4 Qb3 38. Re1 b4 39. Bf6 a4 40. h5 Qd3+ 41. Ka1 gxh5 42. Qc6 Qb3 43. Qd7 a3 44. Re8 g2 45. Rxf8+ Kxf8 46. Qc8+ Kf7 47. Qb7+ Kg6 48. Qxg2 axb2+ 49. Bxb2 Qd1+ 50. Ka2 Qa4+ 51. Kb1 Qd1+ 52. Ka2 Qa4+ 53. Kb1 b3 54. Qd5 Qa2+ 55. Kc1 Kxg5 56. Qd2+ Kg4 57. Qe2+ Kf4 58. Qf2+ {[%emt 0:00:00] normal} 1/2-1/2

[Event "GER-ch Youth U14 2019"]
[Site "Willingen"]
[Date "2019.06.15"]
[Round "9.5"]
[White "Gallasch, Jonas"]
[Black "Laux, Dominik"]
[Result "0-1"]
[ECO "D10"]
[WhiteElo "2137"]
[BlackElo "2061"]
[Annotator "ChessBase"]
[PlyCount "86"]
[EventDate "2019.06.07"]
[EventType "swiss"]
[EventRounds "9"]
[EventCountry "GER"]
[SourceTitle "playchess.com"]
[Source "ChessBase"]
[SourceQuality "1"]
[TimeControl "40/5400+30:1800+30"]

1. d4 d5 2. c4 c6 3. cxd5 cxd5 4. Bf4 Nf6 5. Nc3 Nc6 6. e3 a6 7. Rc1 Bf5 8. Nf3 e6 9. Qb3 Ra7 10. Be2 Be7 11. O-O O-O 12. Na4 Nd7 13. Nc5 Nxc5 14. dxc5 Bg4 15. h3 Bxf3 16. Bxf3 Qa5 17. Qb6 Qxa2 18. Ra1 Qc4 19. Rfc1 Qb4 20. Be2 Rc8 21. Bd6 Kf8 22. Bxa6 bxa6 23. Rxa6 Qxb6 24. Rxb6 Ke8 25. Bxe7 Kxe7 26. b4 Ne5 27. b5 Nc4 28. Ra6 Rxa6 29. bxa6 Ra8 30. Rb1 Rxa6 31. Rb7+ Kf6 32. Rc7 Na5 33. f4 Rc6 34. Ra7 Rxc5 35. g4 Nc4 36. Kf2 Ra5 37. Rc7 Ra2+ 38. Kf3 Ra3 39. g5+ Kg6 40. h4 Nxe3 41. h5+ Kxh5 42. Rxf7 Nf5+ 43. Kf2 Kg4 {[%emt 0:00:09] normal} 0-1

[Event "GER-ch Youth U14 2019"]
[Site "Willingen"]
[Date "2019.06.15"]
[Round "9.6"]
[White "Schubert, Nikita"]
[Black "Eilenberg, Jonas"]
[Result "1/2-1/2"]
[ECO "D30"]
[WhiteElo "1806"]
[BlackElo "1934"]
[Annotator "NA"]
[PlyCount "88"]
[EventDate "2019.06.07"]
[EventType "swiss"]
[EventRounds "9"]
[EventCountry "GER"]
[SourceTitle "playchess.com"]
[Source "ChessBase"]
[SourceQuality "1"]
[TimeControl "40/5400+30:1800+30"]

1. d4 d5 2. c4 e6 3. Nf3 c6 4. g3 Nf6 5. Bg2 dxc4 6. Ne5 c5 {[%emt 0:00:06] unterminated} 7. Qa4+ Nbd7 $11 8. Nxc4 Be7 9. dxc5 Bxc5 10. O-O O-O 11. Bf4 Nb6 12. Qb3 Nbd5 13. Rd1 Qe7 14. Be5 Bd7 15. e4 Nb6 16. Nxb6 axb6 17. Nc3 Ng4 18. Bd4 Bc6 19. h3 Nf6 20. Qc2 Rfd8 21. Be5 b5 22. a3 b4 23. axb4 Rxa1 24. Rxa1 Bxb4 25. Bf4 h6 26. Be3 Bc5 27. Bf4 Nh5 28. Qc1 Nxf4 29. Qxf4 Qf6 30. Qxf6 gxf6 31. Rd1 Rxd1+ 32. Nxd1 Bd4 33. Kf1 Kf8 34. f3 Ke7 35. Nc3 b5 36. Ke2 b4 37. Nd1 Ba4 38. Kd3 e5 39. Kd2 Kd6 40. Bf1 Bxd1 41. Kxd1 Bxb2 42. Kc2 Bc3 43. Bc4 Kc5 44. Kd3 Be1 {[%emt 0:01:19] normal} 1/2-1/2

[Event "GER-ch Youth U14 2019"]
[Site "Willingen"]
[Date "2019.06.15"]
[Round "9.7"]
[White "Hetzner, Hannes"]
[Black "Schulemann, Gero"]
[Result "1-0"]
[ECO "B41"]
[WhiteElo "1996"]
[BlackElo "1862"]
[Annotator "NA"]
[PlyCount "48"]
[EventDate "2019.06.07"]
[EventType "swiss"]
[EventRounds "9"]
[EventCountry "GER"]
[SourceTitle "playchess.com"]
[Source "ChessBase"]
[SourceQuality "1"]
[TimeControl "40/5400+30:1800+30"]

1. e4 c5 2. Nf3 e6 3. d4 cxd4 4. Nxd4 a6 5. c4 Nf6 6. Nc3 Qc7 7. Be2 Bb4 8. Qd3 {[%emt 0:01:47] unterminated} O-O $14 9. O-O Nc6 10. Nxc6 dxc6 11. a3 Bd6 12. f4 Rd8 13. Qf3 e5 14. f5 Bf8 15. Be3 Bd7 16. c5 Be8 17. Bc4 Nd7 18. Na4 Qa5 19. Nb6 Nxb6 20. cxb6 c5 21. f6 g6 22. Qh3 h5 23. Qh4 Qa4 24. b3 Qc6 {[%emt 0:00:07] normal} 1-0

[Event "GER-ch Youth U14 2019"]
[Site "Willingen"]
[Date "2019.06.15"]
[Round "9.8"]
[White "Roehr, Oliver"]
[Black "Weidenhoefer, Max"]
[Result "1/2-1/2"]
[ECO "B12"]
[WhiteElo "1960"]
[BlackElo "1787"]
[Annotator "NA"]
[PlyCount "101"]
[EventDate "2019.06.07"]
[EventType "swiss"]
[EventRounds "9"]
[EventCountry "GER"]
[SourceTitle "playchess.com"]
[Source "ChessBase"]
[SourceQuality "1"]
[TimeControl "40/5400+30:1800+30"]

1. e4 c6 2. d4 d5 3. e5 Bf5 4. Nc3 e6 5. g4 Bg6 {[%emt 0:00:15] unterminated} 6. Nge2 {[%emt 0:01:16] unterminated} c5 $11 7. h4 h6 8. Nf4 Bh7 9. Be3 Nc6 10. Bd3 cxd4 11. Bxd4 Bxd3 12. Qxd3 Nxd4 13. Qxd4 Ne7 14. Nd3 Nc6 15. Qf4 Be7 16. Qg3 Qa5 17. Kf1 Nd4 18. Rc1 Rc8 19. Qf4 Rc4 20. Qe3 Kd7 21. Kg2 h5 22. b3 Rxc3 23. Qxd4 Ba3 24. b4 Qc7 25. Nc5+ Rxc5 26. bxc5 Bxc1 27. Rxc1 hxg4 28. c4 Qc6 29. Rd1 Rxh4 30. cxd5 Qxd5+ 31. Kg3 Rh3+ 32. Kxg4 Ra3 33. Qxd5+ exd5 34. Rxd5+ Ke6 35. Rd6+ Ke7 36. Rd2 Rc3 37. Rb2 Rxc5 38. Rxb7+ Ke8 39. Rxa7 Rxe5 40. f4 Re1 41. a4 f6 42. Kf5 g5 43. fxg5 fxg5 44. Kxg5 Ra1 45. Kf6 Kd8 46. Ke6 Kc8 47. Kd6 Kb8 48. Ra5 Rd1+ 49. Kc6 Rc1+ 50. Kb6 Rh1 51. Rb5 {[%emt 0:01:33] normal} 1/2-1/2

[Event "GER-ch Youth U14 2019"]
[Site "Willingen"]
[Date "2019.06.15"]
[Round "9.9"]
[White "Deutsch, Christoph"]
[Black "von Krosigk, Florian"]
[Result "1-0"]
[ECO "B92"]
[WhiteElo "1937"]
[BlackElo "1926"]
[Annotator "NA"]
[PlyCount "94"]
[EventDate "2019.06.07"]
[EventType "swiss"]
[EventRounds "9"]
[EventCountry "GER"]
[SourceTitle "playchess.com"]
[Source "ChessBase"]
[SourceQuality "1"]
[TimeControl "40/5400+30:1800+30"]

1. e4 c5 2. Nf3 d6 3. d4 cxd4 4. Nxd4 Nf6 5. Nc3 a6 6. Be2 e5 7. Nb3 Be7 8. Be3 Be6 9. O-O O-O 10. Qd3 Nc6 11. Nd5 Nxd5 12. exd5 Nb4 13. Qd2 Nxd5 14. Bf3 Nxe3 15. Qxe3 Qc7 16. c3 Rab8 17. Rad1 b5 18. Bd5 Bxd5 19. Rxd5 f5 20. f4 Qc6 21. Rfd1 e4 22. g3 g6 23. Kg2 Rfd8 24. g4 Rf8 25. Qh3 Qc4 26. R1d2 Kh8 27. g5 Rfe8 28. Qe3 Kg8 29. h4 Ra8 30. h5 Kf7 31. h6 Rec8 32. Na5 Qc7 33. Qd4 Rg8 34. Nb3 Qa7 35. Rxd6 Qxd4 36. R6xd4 Rgd8 37. Rxd8 Rxd8 38. Rxd8 Bxd8 39. Nc5 a5 40. Nd7 Bc7 41. Kg3 e3 42. Nc5 Bb6 43. Nd3 Ke6 44. Kf3 Kd5 45. Ne5 Bc7 46. Nxg6 Kc4 47. Kxe3 Kd5 {normal Ke4+} 1-0